 Dungeon Crawl Stone Soup version 0.18-a0-1197-g8004e50 (webtiles) character file.

1515 apm the Cleaver (level 8, -9/100 HPs)
             Began as a Minotaur Gladiator on Jan 30, 2016.
             Was a Follower of Makhleb.
             Mangled by an orc warrior
             ... wielding a +0 short sword
              (16 damage)
             ... on level 7 of the Dungeon.
             The game lasted 00:31:21 (2530 turns).

apm the Cleaver (Minotaur Gladiator)                Turns: 2530, Time: 00:31:22

Health: -9/100     AC:  6    Str: 26    XL:     8   Next: 53%
Magic:  9/9        EV: 18    Int:  5    God:    Makhleb [*.....]
Gold:   193        SH:  0    Dex: 17    Spells: 0 memorised, 7 levels left

rFire  . . .     SeeInvis .     a - +0 war axe
rCold  . . .     Gourm    .     h - +0 ring mail
rNeg   . . .     Faith    .     (no shield)
rPois  .         Spirit   .     c - +0 hat
rElec  .         Dismiss  .     (no cloak)
rCorr  .         Reflect  .     w - +0 pair of gloves
SustAt .         Harm     .     (no boots)
MR     .....     Rnd*Rage +     (no amulet)
Stlth  ..........               (no ring)
                                (no ring)

@: agile, berserking, very slightly contaminated, hasted, very quick, not
resistant to hostile enchantments, extremely unstealthy
A: retaliatory headbutt, horns 2, berserk 2
a: Renounce Religion


You were on level 7 of the Dungeon.
You worshipped Makhleb.
Makhleb was aware of your devotion.
You were hungry.

You visited 2 branches of the dungeon, and saw 8 of its levels.

You collected 193 gold pieces.

Inventory:

Hand Weapons
 a - a +0 war axe (weapon)
 b - a +0 hunting sling
Missiles
 d - 12 poisoned needles
 o - 7 tomahawks of returning
 s - 32 sling bullets
 y - a throwing net (quivered)
Armour
 c - a +0 hat (worn)
 h - a +0 ring mail (worn)
 v - a +0 leather armour
 w - a +0 pair of gloves (worn)
Scrolls
 g - 2 scrolls of remove curse
 p - a scroll of enchant weapon {unknown}
 q - a scroll of blinking {unknown}
 u - a scroll of recharging {unknown}
Potions
 e - a potion of haste
 i - a potion of agility
 j - a potion of ambrosia
 k - 2 potions of curing
 l - a potion of magic
 m - 2 potions of mutation
 n - a potion of poison
 r - a potion of lignification
 A - a potion of brilliance
Comestibles
 f - 2 bread rations
 x - a slice of pizza
 z - a meat ration


   Skills:
 + Level 4.9 Fighting
 * Level 11.0 Axes
 - Level 2.0 Throwing
 - Level 3.2 Armour
 - Level 3.2 Dodging
 + Level 3.4 Invocations


You had 7 spell levels left.
You didn't know any spells.

Dungeon Overview and Level Annotations

Branches:
Dungeon (7/15)             Temple (1/1) D:5

Altars:
Cheibriados
Dithmenos
Gozag
Makhleb
Pakellas
Qazlal
Ru
Trog
Xom
Yredelemnul
Zin

Shops:
D:4 }


Innate Abilities, Weirdness & Mutations

You reflexively headbutt those who attack you in melee.
You have a pair of horns on your head.
You often lose your temper in combat.


Message History

You slice the centaur!!
You kill the centaur!
Makhleb accepts your kill.
Your Axes skill increases to level 11!
You barely miss the orc. The orc hits you but does no damage.
You hit the orc warrior.
The orc warrior is moderately wounded.
You slash the orc!
You kill the orc!
Makhleb accepts your kill.
The orc warrior hits you with a short sword.
* * * LOW HITPOINT WARNING * * *
You barely miss the orc warrior.
The orc warrior is moderately wounded.
You barely miss the orc warrior.
The orc warrior is moderately wounded.
You hit the orc priest.
The orc priest is moderately wounded.
The orc warrior hits you with a short sword!
You die...

+..(......#.##..
#.........#.##.#
#...$.....#..#.#
#.(.......##.#.#
#.........##.#.#
#######+####...#
##.(# #).# ##@##
#oo# ....(..†#
........#
......#.#
......#..
#+#####.. #...
#.#.


You could see an orc warrior and an orc priest.

Vanquished Creatures
  Sigmund (D:5)
  2 ice beasts
  An orc warrior (D:5)
  4 centaurs
  A big kobold (D:3)
  2 crimson imps
  A giant frog zombie (D:5)
  3 orc priests
  A centaur skeleton (D:6)
  A giant frog skeleton (D:6)
  6 orc wizards
  An iguana (D:4)
  2 worker ants
  5 gnolls
  4 adders
  2 oozes
  An adder skeleton (D:6)
  A giant gecko (D:7)
  17 orcs
  A ball python (D:4)
  A giant cockroach (D:4)
  30 goblins
  20 hobgoblins
  5 jackals
  11 kobolds (D:3)
  A quokka (D:6)
  9 bats
  3 giant newts
  4 rats
141 creatures vanquished.

Notes
Turn   | Place    | Note
--------------------------------------------------------------
     0 | D:1      | apm the Minotaur Gladiator began the quest for the Orb.
     0 | D:1      | Reached XP level 1. HP: 18/18 MP: 0/0
    32 | D:1      | Reached skill level 4 in Axes
    40 | D:1      | Reached XP level 2. HP: 16/25 MP: 1/1
   460 | D:2      | Reached skill level 5 in Axes
   460 | D:2      | Reached XP level 3. HP: 22/30 MP: 2/2
   583 | D:2      | Reached XP level 4. HP: 30/37 MP: 3/3
   600 | D:2      | Found a stormy altar of Qazlal.
   640 | D:2      | Reached skill level 6 in Axes
   877 | D:3      | Reached XP level 5. HP: 35/42 MP: 4/4
   936 | D:4      | Reached skill level 7 in Axes
  1221 | D:3      | Reached skill level 8 in Axes
  1281 | D:3      | Reached XP level 6. HP: 25/50 MP: 5/5
  1334 | D:3      | Reached skill level 1 in Armour
  1450 | D:4      | Found a shimmering altar of Xom.
  1488 | D:4      | Found Aqueryn's Gadget Shop.
  1625 | D:5      | Entered Level 5 of the Dungeon
  1627 | D:5      | Found a staircase to the Ecumenical Temple.
  1631 | D:5      | Noticed an orc warrior
  1636 | Temple   | Entered the Ecumenical Temple
  1679 | Temple   | Became a worshipper of Makhleb the Destroyer
  1730 | D:5      | Killed an orc warrior
  1730 | D:5      | Reached skill level 9 in Axes
  1730 | D:5      | Reached XP level 7. HP: 43/56 MP: 6/6
  1850 | D:5      | Found a basalt altar of Yredelemnul.
  2024 | D:5      | Found an oddly glowing altar of Pakellas.
  2070 | D:5      | Noticed Sigmund
  2081 | D:5      | Killed Sigmund
  2081 | D:5      | Reached skill level 1 in Invocations
  2108 | D:5      | Found a bloodstained altar of Trog.
  2121 | D:5      | Reached skill level 10 in Axes
  2214 | D:6      | Reached XP level 8. HP: 26/66 MP: 8/8
  2424 | D:6      | Found a shadowy altar of Dithmenos.
  2486 | D:7      | Reached * piety under Makhleb
  2520 | D:7      | Gained mutation: You tend to lose your temper in combat. [potion of mutation]
  2520 | D:7      | Gained mutation: You often lose your temper in combat. [potion of mutation]
  2527 | D:7      | Reached skill level 11 in Axes
  2530 | D:7      | Mangled by an orc warrior

Vault maps used:
D:1:      lemuel_arrival_cross
D:2:      grunt_qazlal_clouds
D:3:      minmay_goblin_kobold_castle, nicolae_overflow_hidden_temple
D:4:      nicolae_overflow_crystal_walls, serial_shops, shop
D:5:      yredelemnul_altar_generic, grunt_pakellas_sulfur,
          gammafunk_temple_overflow_wave, minmay_temple_entry_glass,
          first_bread, basic_altar, uniq_sigmund
D:6:      basic_altar
D:7:      basic_altar, uniq_duvessa
Temple:   chambers_temple_12

Action                   |  1- 3 |  4- 6 |  7- 9 || total
-------------------------+-------+-------+-------++-------
Melee: War axe           |    66 |   148 |    78 ||   292
 Fire: Hunting sling     |       |     5 |     3 ||     8
Throw: Throwing net      |     5 |     9 |       ||    14
  Use: Scroll            |       |     6 |     5 ||    11
       Potion            |       |     1 |     5 ||     6
 Stab: Held in net/web   |     1 |     1 |       ||     2
  Eat: Chunk             |       |     3 |     3 ||     6
